 Dungeon Crawl Stone Soup version 0.31.0-9-g3a7656b989 (webtiles) character file.

Game seed: 3779097669793932113

17 qw the Shooter (level 2, 0/14 HPs)
             Began as a Spriggan Hunter on Feb 2, 2024.
             Slain by Terence
             ... wielding a +0 short sword
              (4 damage)
             ... on level 1 of the Dungeon.
             The game lasted 00:00:01 (558 turns).

qw the Shooter (Spriggan Hunter)                     Turns: 558, Time: 00:00:02

Health: 0/14       AC:  2    Str:  7    XL:     2   Next: 44%
Magic:  3/3        EV: 19    Int: 10    God:
Gold:   46         SH:  0    Dex: 18    Spells: 1/1 levels left

rFire   . . .        a - +0 shortbow
rCold   . . .        (shield currently unavailable)
rNeg    . . .        c - +0 robe
rPois   .            (helmet restricted)
rElec   .            (no cloak)
rCorr   .            (gloves unavailable)
SInv    +            (boots unavailable)
Will    .....        (no amulet)
Stlth   ++           (no ring)
HPRegen 0.22/turn    (no ring)
MPRegen 0.08/turn

%: no passive effects
@: about to teleport, very quick
A: very small, no large weapons, unfitting armour, see invisible, speed 3
a: no special abilities


You were on level 1 of the Dungeon.
You visited 1 branch of the dungeon, and saw 2 of its levels.

You collected 46 gold pieces.


Innate Abilities, Weirdness & Mutations

You are very small and have problems with some larger weapons.
You are too small for most types of armour.
You have supernaturally acute eyesight. (SInv)
You cover ground extremely quickly. (Speed+++)


   Skills:
 - Level 1.5 Fighting
 + Level 4.1 Ranged Weapons
 - Level 4.0 Dodging
 - Level 1.5 Stealth


You had one spell level left.
You didn't know any spells.
Your spell library was empty.

Inventory:

Hand Weapons
 a - a +0 shortbow (weapon)
Armour
 c - a +0 robe (worn)
Scrolls
 h - a scroll of identify

Dungeon Overview and Level Annotations

Branches:
Dungeon (2/15)

Altars:

Annotations:
D:1 Terence


Message History

You shoot an arrow. The arrow closely misses Terence.
Terence closely misses you.
You shoot an arrow. The arrow hits Terence.
Terence is severely wounded.
Your surroundings suddenly seem different.
You start resting.
HP restored.
Enter note:
Enter note:
Enter note:
Things that are here:
a scroll of revelation; a scroll of butterflies You shoot an arrow.
The arrow barely misses Terence.
You shoot an arrow. The arrow hits Terence.
Terence is severely wounded.
You shoot an arrow.
The arrow hits Terence but does no damage.
Terence is severely wounded.
You shoot an arrow. The arrow closely misses Terence.
You shoot an arrow. The arrow hits Terence.
Terence is almost dead.
Terence misses you.
You shoot an arrow. The arrow barely misses Terence.
Terence hits you but does no damage.
You shoot an arrow.
The arrow hits Terence but does no damage.
Terence is almost dead.
Terence looks scornfully at you. Terence hits you with a +0 short sword!
Ouch! That really hurt!
You shoot an arrow.
The arrow hits Terence but does no damage.
Terence is almost dead.
Terence hits you with a +0 short sword.
558 ||| READING scroll of teleportation.
As you read the scroll of teleportation, it crumbles to dust.
You feel strangely unstable. Terence hits you with a +0 short sword.
You die...
Terence says, "Rest in peace."

.# #####.....# #.# .##
#.........# #.# ..#
#.........####.# ..###
#.........#....##### #...#
#####.#.#.#......).. ###.##
#..#.#........... #...#
#.##.###......... #...# ##.##.#
###.......
#...###########@@##'#####.......
#...+....)......................
#...##.......>..................
#...##........#........[........
##...##).......#...........######
.......##########..........#
.......# ############ .......#
.......#


You could see Terence.

Vanquished Creatures
  An endoplasm (D:1)
  5 goblins (D:1)
  4 hobgoblins (D:1)
  2 ball pythons (D:1)
  A bat (D:1)
  A kobold (D:1)
  A rat (D:1)
15 creatures vanquished.

Notes
Turn   | Place    | Note
-------+----------+-------------------------------------------
     0 | D:1      | qw the Spriggan Hunter began the quest for the Orb.
     0 | D:1      | Reached XP level 1. HP: 10/10 MP: 2/2
     0 | D:1      | 0 ||| qw: Version: 0.3-a-155-g5e7d8dd
     0 | D:1      | 0 ||| qw: Game counter: 2830
     0 | D:1      | 0 ||| qw: Melee chars always use a shield: true
     0 | D:1      | 0 ||| qw: God list: Okawaru
     0 | D:1      | 0 ||| qw: Allow faded altars: false
     0 | D:1      | 0 ||| qw: Do Orc after clearing Dungeon:15 true
     0 | D:1      | 0 ||| qw: Do second Lair branch before Depths: true
     0 | D:1      | 0 ||| qw: Lair rune preference: random
     0 | D:1      | 0 ||| qw: Goals: Normal
     0 | D:1      | 0 ||| PLANNING D:1-11
    69 | D:1      | Reached skill level 3 in Dodging
   140 | D:1      | Reached XP level 2. HP: 14/14 MP: 3/3
   447 | D:1      | 447 ||| READING scroll labelled SYVVANENOE.
   448 | D:1      | 448 ||| READING scroll labelled GOZONG TUTOD.
   448 | D:1      | 448 ||| ENCHANTING +0 shortbow.
   449 | D:1      | 449 ||| READING 3 scrolls labelled ZUIVAB FENAI.
   454 | D:1      | 454 ||| READING scroll labelled VULEDGH ASUW.
   455 | D:1      | 455 ||| READING 2 scrolls labelled HUOLUAVA COBLY.
   455 | D:1      | 455 ||| IDENTIFYING scroll labelled VIASMAOFUN
   456 | D:1      | 456 ||| DROPPING scroll of butterflies.
   457 | D:1      | 457 ||| DROPPING scroll of revelation.
   473 | D:2      | Noticed Terence
   476 | D:2      | 476 ||| STAIRDANCE
   480 | D:1      | HP: 3/14 [Terence/+0 short sword (5)]
   481 | D:1      | 481 ||| READING 2 scrolls of teleportation.
   557 | D:1      | HP: 3/14 [Terence/+0 short sword (4)]
   558 | D:1      | 558 ||| READING scroll of teleportation.
   558 | D:1      | Slain by Terence

Levels and vault maps discovered:
D:1:      tarquinn_simple_flora_water_f, layout_basic
D:2:      layout_rooms, uniq_sigmund, uniq_jessica, uniq_natasha, uniq_terence

Skill      XL: |  1  2 |
---------------+-------+-----
Dodging        | 3 4 |  4.0
Fighting       | |  1.5
Ranged Weapons | |  4.1
Stealth        | |  1.5

Action                     || total
---------------------------++-------
   Fire: Shortbow          ||    46
    Use: Scroll            ||     7
 Armour: Robe              ||     9
  Dodge: Dodged            ||    14

Table legend:
 A = Non-vault XP
 B = Vault XP
 C = Vault XP percentage of total XP
 D = Non-vault monster count
 E = Vault monster count
 F = Vault count percentage of total count
                 A         B        C        D         E       F
            +---------+---------+-------+---------+---------+-------
      Total |      25 |       0 |   0.0 |      15 |       0 |   0.0
            +---------+---------+-------+---------+---------+-------
        D:1 |      25 |       0 |   0.0 |      15 |       0 |   0.0
            +---------+---------+-------+---------+---------+-------
